Map: Whitewater Line LE

Players

Throwfordays - Winner!

  • Race: Protoss Protoss
  • League: Silver
  • Spawn Location: 6:00

Faust - Winner!

  • Race: Zerg Zerg
  • League: Diamond
  • Spawn Location: 7:00

Cthulhu - Winner!

  • Race: Terran Terran
  • Spawn Location: 7:00

MrFresh

  • Race: Terran Terran
  • Spawn Location: 12:00

Doberman

  • Race: Zerg Zerg
  • League: Platinum
  • Spawn Location: 1:00

Russell

  • Race: Zerg Zerg
  • Spawn Location: 1:00

VOD

Have the link to the VOD?

Description

Time

  • Played on: March 26, 2019, 10:19 p.m.
  • Length: 20:14
Show
View Real Time Build Order
Export as new Build Order

Throwfordays Protoss - Winner!

Build Orders: Nexus First, Colossus Rush 

Get SALT Encoding   

  12  0:01  Probe  
  13  0:13  Probe  
  14  0:25  Probe  
  15  0:29  Pylon  
  15  0:47  Probe  
  16  1:02  Nexus  
  16  1:06  Probe  
  17  1:14  Forge  
  17  1:18  Assimilator  
  17  1:27  Gateway  
  17  1:33  Assimilator  
  17  1:36  Probe  
  18  1:48  Probe  
  19  1:54  Pylon  
  19  2:00  Probe  
  20  2:04  Pylon  
  20  2:14  Photon Cannon  
  20  2:22  Photon Cannon  
  20  2:25  Photon Cannon  
  20  2:31  Probe  
  21  2:39  Probe  
  22  2:49  Probe  
  22  2:51  Probe  
  24  2:58  Cybernetics Core  
  24  3:01  Probe  
  24  3:03  Probe  
  26  3:13  Probe  
  26  3:15  Probe  
  28  3:27  Pylon  
  28  3:36  Robotics Facility  
  28  3:38  Pylon  
  28  3:39  Probe  
  28  3:44  Pylon, Probe  
  28  3:47  Probe  
  30  3:52  Probe  
  31  3:56  Pylon  
  31  3:57  Probe  
  31  4:02  Probe  
  33  4:05  Pylon  
  33  4:09  Photon Cannon, Probe  
  35  4:14  Probe  
  36  4:21  Probe  
  37  4:26  Probe  
  38  4:33  Photon Cannon, Probe  
  40  4:38  Probe  
  40  4:40  Robotics Bay  
  40  4:41  Assimilator  
  40  4:43  Assimilator  
  41  4:45  Probe  
  41  4:50  Probe  
  42  4:57  Probe  
  43  5:02  Probe  
  44  5:10  Probe  
  44  5:12  Protoss Ground Weapons Level 1  
  45  5:18  Pylon  
  45  5:22  Probe  
  45  5:23  Robotics Facility  
  45  5:25  Robotics Facility  
  45  5:27  Colossus  
  52  5:29  Extended Thermal Lance  
  52  5:42  Photon Cannon  
  52  5:46  Photon Cannon  
  52  5:48  Photon Cannon  
  52  5:51  Warp Gate  
  52  5:57  Forge  
  52  6:17  Photon Cannon  
  52  6:20  Pylon  
  52  6:31  Colossus x3  
  70  6:41  Photon Cannon  
  70  6:44  Protoss Ground Armor Level 1  
  70  6:46  Photon Cannon  
  70  6:56  Twilight Council  
  70  7:00  Protoss Shields Level 1  
  70  7:43  Immortal  
  70  7:44  Immortal x2  
  82  7:53  Charge  
  82  8:00  Templar Archives  
  82  8:28  Immortal x3  
  94  8:36  Protoss Ground Weapons Level 2  
  94  8:37  Nexus  
  94  8:40  Assimilator  
  94  8:43  Assimilator  
  94  8:47  Pylon  
  94  8:59  Pylon, Protoss Ground Armor Level 2  
  94  9:06  Photon Cannon  
  94  9:09  Photon Cannon  
  94  9:17  Immortal x3  
  106  9:38  Photon Cannon  
  106  9:40  Photon Cannon  
  106  9:49  Probe  
  107  9:57  Probe  
  108  10:01  Probe, Immortal x2  
  108  10:02  Immortal  
  121  10:09  Probe  
  121  10:13  Probe  
  123  10:21  Probe  
  123  10:25  Probe  
  125  10:33  Probe  
  120  10:38  Probe  
  121  10:46  Probe  
  108  11:52  Nexus  
  108  11:57  Assimilator  
  108  11:58  Probe  
  109  12:02  Assimilator  
  109  12:03  Colossus x3  
  127  12:10  Probe  
  128  12:19  Robotics Facility  
  128  12:21  Robotics Facility  
  128  12:22  Probe  
  129  12:24  Robotics Facility  
  129  12:25  Pylon  
  123  12:34  Probe  
  124  12:46  Probe  
  125  12:59  Gateway  
  125  13:01  Gateway  
  125  13:03  Gateway  
  125  13:11  Immortal x3  
  137  13:17  Gateway  
  135  13:20  Colossus  
  135  13:21  Colossus x2  
  141  14:20  Pylon  
  141  14:21  Pylon  
  141  14:32  Pylon  
  141  14:33  Immortal  
  141  14:34  Pylon  
  141  14:35  Immortal  
  141  14:37  Pylon  
  142  14:38  Immortal  
  142  14:39  Pylon  
  102  15:47  Colossus x2  
  102  15:48  Observer  
  115  16:24  High Templar x2  
  115  16:25  High Templar x2, Stalker  
  125  16:38  Nexus, Protoss Ground Weapons Level 3  
  125  16:41  Pylon  
  125  16:44  Pylon  
  125  16:46  Psionic Storm  
  125  16:48  Protoss Ground Armor Level 3  
  125  16:49  Pylon  
  125  17:07  Colossus x3  
  143  17:10  High Templar x2  
  143  17:11  High Templar x2, Stalker  
  153  17:19  Photon Cannon  
  153  17:20  Photon Cannon  
  153  17:24  Photon Cannon  
  153  17:29  Photon Cannon  
  153  18:34  High Templar x5  
Show
View Real Time Build Order
Export as new Build Order

Faust Zerg - Winner!

Build Orders: Hatch First 

Get SALT Encoding   

  12  0:01  Drone  
  13  0:12  Drone  
  14  0:17  Extractor, Drone  
  15  0:25  Overlord  
  15  0:43  Drone x2  
  17  0:55  Hatchery  
  16  1:02  Drone  
  17  1:05  Extractor, Drone  
  17  1:18  Spawning Pool  
  16  1:31  Drone  
  18  1:32  Drone  
  18  1:33  Drone  
  19  2:05  Queen  
  19  2:08  Metabolic Boost  
  21  2:11  Queen  
  21  2:13  Drone x3  
  21  2:15  Zergling x2  
  27  2:27  Baneling Nest  
  27  2:29  Drone  
  27  2:31  Drone  
  27  2:35  Overlord  
  28  3:03  Zergling x2  
  28  3:04  Zergling x4  
  28  3:05  Zergling x4, Lair  
  33  3:12  Drone  
  34  3:21  Drone x2  
  34  3:23  Overlord  
  36  3:47  Drone x4  
  36  3:48  Drone x2  
  42  3:49  Drone  
  42  3:50  Drone  
  42  3:51  Overlord  
  42  3:55  Extractor  
  42  4:23  Drone  
  43  4:25  Extractor  
  43  4:26  Drone x3  
  43  4:27  Extractor, Drone x3  
  43  4:28  Drone  
  43  4:29  Drone x2  
  50  4:44  Overlord x2  
  50  4:53  Spire  
  49  5:12  Queen  
  51  5:18  Hatchery  
  51  5:20  Baneling x2  
  51  5:21  Baneling  
  50  5:22  Baneling  
  50  5:24  Baneling  
  50  5:26  Drone x4  
  50  5:27  Drone x8  
  62  5:31  Drone x2  
  62  5:32  Overlord x2  
  64  5:37  Baneling x2  
  64  5:38  Baneling x2  
  61  6:09  Drone x2  
  61  6:10  Drone x4  
  61  6:11  Overlord x3  
  65  6:20  Mutalisk x4  
  65  6:21  Mutalisk  
  75  6:32  Mutalisk x2  
  75  6:36  Burrow  
  75  6:38  Drone x2  
  75  6:39  Extractor x2  
  81  6:48  Mutalisk x3  
  81  6:54  Drone x3  
  89  6:55  Drone x2  
  89  6:56  Drone  
  79  7:18  Zerg Flyer Weapons Level 1  
  79  7:23  Evolution Chamber  
  79  7:26  Evolution Chamber  
  77  7:33  Mutalisk x2  
  77  7:34  Mutalisk x2  
  85  7:51  Hatchery  
  84  8:07  Drone x3  
  84  8:09  Extractor, Drone x3  
  77  9:12  Drone x4  
  77  9:13  Drone x5  
  77  9:15  Queen  
  84  9:47  Zergling x18  
  93  9:57  Zerg Melee Weapons Level 1  
  93  9:58  Zerg Ground Armor Level 1  
  93  10:00  Zerg Flyer Weapons Level 2  
  93  10:05  Spore Crawler  
  92  10:07  Spore Crawler  
  92  10:08  Spine Crawler  
  90  10:20  Spine Crawler  
  89  10:22  Spore Crawler  
  89  10:25  Spore Crawler, Spine Crawler  
  89  10:28  Zergling x26  
  91  10:31  Hatchery  
  95  10:46  Baneling x11  
  95  10:47  Baneling  
  88  11:15  Centrifical Hooks  
  68  11:34  Zergling x2  
  68  11:35  Zergling x38  
  88  11:44  Infestation Pit  
  88  11:46  Drone  
  88  11:47  Drone x3  
  88  11:48  Queen  
  88  11:52  Drone x4  
  78  12:41  Hive  
  78  12:43  Zerg Melee Weapons Level 2, Zerg Ground Armor Level 2  
  78  12:49  Drone  
  78  12:50  Drone  
  80  12:52  Drone x3  
  80  12:53  Extractor x2, Drone x3  
  80  12:54  Drone x2  
  80  12:55  Drone x2  
  88  13:18  Drone x2  
  88  13:19  Drone  
  91  13:27  Zergling x12  
  91  13:28  Zergling x28  
  91  13:31  Zergling x4  
  113  14:04  Ultralisk Cavern  
  112  14:17  Drone x3  
  114  14:18  Drone x4  
  114  14:19  Drone  
  114  14:20  Overlord x4  
  114  14:21  Overlord x7  
  114  14:22  Overlord x4  
  114  14:23  Extractor, Hatchery  
  118  14:24  Extractor  
  117  14:40  Baneling x2  
  117  14:51  Chitinous Plating  
  117  14:59  Ultralisk x13  
  195  15:14  Adrenal Glands  
  195  15:16  Zerg Ground Armor Level 3, Zerg Melee Weapons Level 3  
  173  16:09  Anabolic Synthesis  
  173  16:43  Zergling x2  
  173  16:44  Zergling x52  
  186  17:41  Corruptor  
  186  17:42  Corruptor x6  
  194  17:54  Nydus Network  
  194  17:57  Nydus Network  
  188  18:57  Drone x5  
  188  18:59  Queen  
  195  19:05  Nydus Canal x2  
  181  19:21  Ultralisk x2  
  172  20:10  Nydus Canal  
  172  20:11  Nydus Canal  
Show
View Real Time Build Order
Export as new Build Order

Cthulhu Terran - Winner!

Build Orders:  

Get SALT Encoding   

  12  0:01  SCV  
  13  0:13  SCV  
  14  0:23  Supply Depot  
  14  0:28  SCV  
  15  0:44  SCV  
  15  0:45  Refinery  
  16  0:55  Barracks  
  16  1:01  SCV  
  17  1:17  SCV  
  18  1:48  Orbital Command  
  18  1:57  Command Center  
  17  2:01  Supply Depot  
  17  2:02  Marine  
  18  2:14  Supply Depot  
  18  2:19  Bunker  
  18  2:30  Supply Depot  
  18  2:33  Marine  
  19  2:50  Refinery, SCV  
  20  2:56  Marine  
  21  3:07  SCV  
  23  3:13  Orbital Command  
  22  3:22  SCV  
  23  3:28  Marine  
  24  3:39  SCV  
  25  3:51  SCV  
  25  3:52  Marine  
  25  3:53  SCV  
  28  3:57  Refinery  
  28  4:00  Refinery  
  28  4:08  Factory  
  28  4:16  Marine  
  29  4:28  SCV x2  
  31  4:35  Engineering Bay  
  31  4:53  Bunker  
  31  4:56  Barracks Tech Lab  
  31  5:00  Starport  
  31  5:02  Starport  
  31  5:04  Armory, Starport  
  31  5:08  SCV  
  31  5:09  SCV  
  31  5:12  Factory Tech Lab  
  33  5:20  Marine  
  34  5:40  SCV x2  
  34  5:42  Viking x2  
  40  5:43  Starport Reactor  
  40  5:49  Armory  
  40  6:01  Siege Tank  
  40  6:02  Marine  
  44  6:23  Starport Reactor  
  44  6:24  Viking x2, Starport Reactor  
  48  6:32  SCV  
  49  6:33  SCV  
  50  6:44  SCV  
  51  6:51  SCV  
  52  6:56  SCV  
  52  7:00  Siege Tank  
  56  7:14  Viking x3  
  62  7:20  Supply Depot  
  62  7:42  Viking x3  
  68  7:49  Viking  
  70  7:51  Terran Infantry Armor Level 1  
  70  7:54  Terran Vehicle And Ship Armor Level 1, Terran Ship Weapons Level 1  
  70  8:05  Supply Depot, Command Center  
  70  8:08  Viking x2, Siege Tank, SCV  
  70  8:12  Supply Depot  
  78  8:26  Marine, Viking, SCV  
  82  8:44  Marine  
  83  9:09  Viking  
  83  9:10  Viking x5  
  93  9:40  SCV x2  
  93  9:41  Orbital Command  
  95  9:52  SCV  
  96  10:01  Liberator x2  
  96  10:02  Liberator x2  
  104  10:15  Refinery  
  104  10:16  Refinery  
  85  10:44  Viking x2  
  85  10:45  Viking x4  
  68  11:41  Liberator x2  
  68  11:42  Liberator  
  68  11:43  Viking x2  
  68  11:44  Viking  
  68  11:45  Terran Ship Weapons Level 2, Terran Vehicle And Ship Armor Level 2  
  80  12:17  Liberator x2  
  80  12:19  SCV x2  
  88  12:39  Command Center  
  82  12:59  Viking x4  
  82  13:00  Viking  
  92  13:06  Siege Tank  
  95  13:15  SCV x3  
  96  13:38  Siege Tank  
  90  13:44  Viking x3  
  90  13:45  Liberator x2  
  90  14:16  Orbital Command  
  90  14:18  SCV x2  
  90  14:19  SCV  
  90  14:21  Supply Depot  
  93  14:27  Refinery  
  93  14:28  Viking x2  
  93  14:30  SCV x2  
  95  15:20  Liberator x5  
  95  15:21  Liberator  
  93  16:03  Viking x4  
  101  16:15  Viking x2  
  93  16:40  Viking  
  93  16:41  Viking x3  
  93  16:45  Viking  
  97  17:31  Viking  
  97  17:32  Viking x5  
  97  17:34  Terran Ship Weapons Level 3  
  97  17:35  Terran Vehicle And Ship Armor Level 3  
  109  18:01  Viking x3  
  109  18:03  Viking x3  
Show
View Real Time Build Order
Export as new Build Order

MrFresh Terran 

Build Orders:  

Get SALT Encoding   

  12  0:01  SCV  
  13  0:13  SCV  
  14  0:21  Supply Depot  
  14  0:31  SCV  
  15  0:43  SCV  
  16  0:55  SCV, Barracks  
  16  0:56  Refinery  
  17  1:07  SCV  
  18  1:19  SCV  
  19  1:31  SCV  
  20  1:38  Barracks  
  20  1:41  Barracks  
  20  1:50  Orbital Command  
  20  2:04  Marine  
  21  2:16  Factory  
  21  2:22  Marine  
  22  2:39  Marine  
  23  2:55  Command Center  
  23  2:59  Supply Depot  
  23  3:08  Supply Depot  
  23  3:15  Supply Depot  
  23  3:20  Marine x2  
  26  3:35  Barracks Tech Lab  
  26  3:40  Barracks Reactor  
  26  3:42  Barracks Reactor  
  24  4:20  SCV  
  25  4:29  Combat Shield  
  25  4:32  SCV  
  26  4:45  SCV, Starport  
  27  4:53  Marine x5  
  27  4:57  SCV  
  33  5:06  Supply Depot  
  33  5:09  SCV  
  33  5:11  Marine x5  
  39  5:21  SCV, Engineering Bay  
  40  5:28  Marine  
  40  5:29  Marine x4  
  40  5:30  Armory  
  40  5:33  SCV  
  46  5:46  Refinery, Marine x2, SCV  
  46  5:47  Marine x3  
  52  5:59  SCV  
  53  6:04  Marine x3  
  53  6:05  Marine x2  
  53  6:07  Supply Depot  
  53  6:09  Stimpack  
  53  6:11  SCV  
  59  6:22  Marine x2  
  59  6:23  SCV  
  62  6:32  Medivac  
  64  6:35  Marine, SCV  
  64  6:36  Marine x2  
  68  6:40  Marine x2  
  70  6:53  Marine x3  
  73  6:57  Marine  
  73  6:58  Marine  
  75  7:02  Medivac  
  74  7:11  Marine x2  
  76  7:28  Marine x2  
  78  7:41  Supply Depot  
  78  7:42  Supply Depot  
  78  7:50  Missile Turret  
  78  7:51  Starport  
  78  7:54  Missile Turret  
  78  7:58  Missile Turret x2  
  78  7:59  Missile Turret  
  78  8:02  Marine x4  
  78  8:03  Missile Turret  
  82  8:07  Terran Infantry Weapons Level 1  
  82  8:10  Terran Vehicle And Ship Armor Level 1  
  82  8:21  Marine  
  82  8:22  Marine x4  
  87  8:39  Marine x2  
  85  9:40  SCV  
  86  9:48  Medivac  
  86  9:52  Marine x4, SCV  
  90  9:53  Marine  
  90  9:59  Supply Depot  
  94  10:00  Supply Depot  
  94  10:01  Terran Infantry Armor Level 1  
  94  10:03  Supply Depot  
  94  10:13  Supply Depot x2  
  94  10:14  Supply Depot  
  94  10:20  Marine x5, Medivac  
  94  10:21  SCV  
  102  10:28  Supply Depot  
  102  10:31  Supply Depot  
  102  10:32  Supply Depot  
  102  10:33  SCV  
  102  10:34  Supply Depot  
  103  10:38  Marine x5  
  108  10:50  Medivac  
  108  10:56  Marine x3  
  87  11:29  Marine x2  
  87  11:30  Marine x3  
  79  11:47  Marine x3  
  82  12:25  Marine x2  
  82  12:26  Marine x3  
  82  12:29  Medivac  
  89  12:43  Marine x3  
  89  12:44  Marine x2  
  94  12:59  Medivac  
  94  13:01  Marine x4  
  94  13:02  Marine  
  101  13:19  Marine x5  
  105  13:23  Terran Vehicle And Ship Armor Level 2  
  106  13:29  Medivac  
  108  13:37  Marine x5  
  113  13:54  Marine  
  113  13:55  Marine x2  
  116  13:59  Medivac  
  118  14:28  Medivac  
  120  15:10  Marine x5  
  125  15:27  Marine  
  125  15:28  Marine x4  
  130  15:45  Marine x2  
  130  15:46  Marine x3  
  132  16:03  Marine x3  
  132  16:04  Marine x2  
  89  16:21  Marine x4  
  89  16:22  Marine  
  93  16:39  Marine x5  
  56  16:57  Marine x5  
  60  17:14  Marine  
  60  17:15  Marine x4  
  47  17:33  Marine  
  43  17:39  Marine x4  
  44  17:51  Marine  
  43  17:56  Marine x2  
  43  17:57  Marine x2  
  46  18:08  Marine  
  43  18:14  Marine x3  
  43  18:15  Marine  
  47  18:26  Marine  
  48  18:32  Marine x4  
  52  18:44  Marine  
  49  18:50  Marine x4  
  54  19:08  Marine x3  
Show
View Real Time Build Order
Export as new Build Order

Doberman Zerg 

Build Orders: Hatch First 

Get SALT Encoding   

  12  0:01  Drone  
  13  0:16  Overlord  
  13  0:20  Drone  
  14  0:46  Hatchery  
  14  0:49  Drone  
  14  0:51  Drone  
  14  0:54  Drone  
  16  1:11  Spawning Pool  
  15  1:15  Drone  
  16  1:18  Drone  
  17  1:28  Overlord  
  17  1:35  Drone  
  18  1:58  Queen  
  18  1:59  Drone x2  
  18  2:00  Drone  
  23  2:02  Queen  
  23  2:04  Drone  
  26  2:22  Hatchery  
  25  2:23  Drone  
  25  2:26  Drone  
  25  2:29  Drone  
  28  2:43  Drone x3  
  31  2:48  Overlord x2  
  32  2:58  Drone  
  32  2:59  Drone  
  33  3:07  Drone  
  33  3:09  Drone x3  
  37  3:13  Drone x3  
  40  3:20  Queen  
  40  3:25  Extractor  
  41  3:41  Queen, Drone  
  41  3:46  Extractor, Drone x6  
  49  3:57  Hatchery  
  48  4:04  Zergling x14  
  48  4:05  Zergling x2  
  48  4:06  Extractor  
  48  4:07  Extractor  
  52  4:21  Spine Crawler  
  52  4:23  Spine Crawler  
  50  4:24  Drone x5  
  50  4:25  Drone x3  
  58  4:39  Overlord x3  
  58  4:47  Overlord  
  58  4:48  Overlord  
  58  4:54  Lair  
  58  4:58  Drone x2  
  58  4:59  Drone  
  61  5:06  Drone x3  
  64  5:07  Drone  
  64  5:09  Drone  
  66  5:14  Evolution Chamber  
  66  5:16  Drone  
  66  5:17  Evolution Chamber  
  66  5:19  Drone x2  
  67  5:21  Drone  
  67  5:26  Drone  
  70  5:28  Drone  
  70  5:29  Drone  
  70  5:31  Drone  
  70  5:32  Queen  
  74  5:40  Zerg Missile Weapons Level 1  
  74  5:43  Zerg Ground Armor Level 1  
  74  5:54  Spine Crawler x2  
  72  5:58  Drone x10  
  72  6:01  Drone  
  72  6:02  Drone x2  
  72  6:03  Drone  
  86  6:14  Hydralisk Den  
  86  6:16  Drone x3  
  88  6:18  Drone  
  88  6:19  Drone x2  
  88  6:20  Nydus Network  
  90  6:26  Roach Warren  
  90  6:29  Extractor  
  90  6:30  Extractor  
  87  6:37  Pneumatized Carapace  
  87  6:45  Drone  
  87  6:46  Spore Crawler  
  87  6:48  Spine Crawler  
  87  6:49  Drone  
  87  6:50  Drone x13, Spine Crawler  
  87  6:53  Extractor  
  98  6:54  Extractor  
  98  6:59  Overlord  
  98  7:00  Overlord  
  97  7:01  Overlord  
  97  7:08  Hatchery  
  97  7:09  Grooved Spines  
  96  7:25  Drone x3  
  96  7:26  Drone x3, Hydralisk  
  96  7:27  Hydralisk x7  
  118  7:30  Drone x2  
  118  7:36  Overlord x2  
  118  7:37  Overlord x2  
  120  7:47  Overlord  
  120  7:48  Overlord x2  
  120  7:50  Zerg Ground Armor Level 2, Zerg Missile Weapons Level 2  
  120  7:56  Hydralisk  
  120  7:57  Hydralisk x5  
  132  8:06  Infestation Pit  
  131  8:20  Muscular Augments  
  131  8:22  Drone x12  
  131  8:23  Drone x5  
  131  8:27  Hatchery  
  147  8:28  Hydralisk x2  
  147  8:29  Extractor x2, Hydralisk x2  
  147  8:31  Hydralisk x2  
  157  8:42  Overseer  
  150  9:01  Spore Crawler x2  
  150  9:02  Spore Crawler  
  147  9:03  Drone x3  
  147  9:04  Drone x2  
  152  9:13  Spore Crawler x2, Drone  
  152  9:14  Spore Crawler, Drone x3  
  153  9:17  Drone x2  
  153  9:18  Spore Crawler x2  
  151  9:32  Spore Crawler x2  
  147  9:38  Hydralisk  
  147  9:39  Hydralisk x13  
  175  9:45  Spore Crawler  
  175  9:46  Spore Crawler  
  175  9:47  Spine Crawler x2  
  175  9:48  Extractor x2  
  169  9:56  Drone x3  
  169  9:57  Drone x2  
  169  9:58  Drone x3  
  177  10:02  Queen  
  179  10:22  Overlord  
  179  10:24  Overlord x5  
  179  10:29  Nydus Canal  
  150  10:40  Drone, Hydralisk x9  
  150  10:41  Hydralisk x9  
  144  10:44  Queen  
  146  10:51  Drone  
  147  11:07  Hydralisk  
  147  11:08  Spire, Hydralisk x10  
  160  11:38  Hydralisk  
  160  11:39  Hydralisk x11  
  164  11:41  Hydralisk x8  
  174  11:48  Hydralisk x2  
  174  11:51  Queen  
  180  12:08  Hydralisk x7  
  180  12:09  Hydralisk x3  
  174  12:36  Corruptor x12  
  174  12:37  Corruptor x4  
  200  13:01  Zerg Flyer Weapons Level 1  
  200  13:04  Hive  
  200  13:26  Hatchery  
  169  13:48  Hydralisk x5  
  129  13:49  Hydralisk x29  
  129  13:50  Hydralisk x2  
  191  14:03  Hydralisk x5  
  197  14:21  Zerg Missile Weapons Level 3  
  197  14:22  Zerg Ground Armor Level 3  
  183  14:36  Hydralisk  
  183  14:37  Hydralisk x3  
  175  14:43  Hydralisk x2  
  175  14:44  Hydralisk x13  
  159  15:12  Hydralisk x3  
  159  15:13  Hydralisk x14  
  181  15:22  Hydralisk  
  141  15:36  Corruptor x13  
  112  16:25  Greater Spire  
  92  16:49  Hydralisk x8  
  92  16:50  Hydralisk  
  83  17:25  Hydralisk x8  
  93  17:39  Brood Lord x2  
  93  17:40  Brood Lord x2  
  93  17:42  Hydralisk  
  93  17:43  Hydralisk x2  
  85  18:05  Hydralisk  
  68  18:06  Hydralisk x10  
  85  18:16  Corruptor  
  50  18:33  Hydralisk  
  58  18:34  Hydralisk x3  
  30  19:11  Spawning Pool  
Show
View Real Time Build Order
Export as new Build Order

Russell Zerg 

Build Orders: Pool First 

Get SALT Encoding   

  12  0:01  Drone  
  13  0:12  Drone  
  14  0:28  Spawning Pool  
  14  0:30  Drone  
  14  0:39  Overlord  
  14  0:44  Extractor  
  14  0:45  Drone  
  14  0:57  Drone  
  14  0:58  Drone  
  14  1:03  Drone  
  17  1:13  Drone  
  17  1:17  Queen  
  20  1:31  Zergling x2  
  21  1:44  Hatchery  
  21  1:46  Drone  
  21  1:49  Extractor  
  20  2:07  Zergling x4  
  22  2:09  Metabolic Boost  
  22  2:39  Overlord  
  22  2:40  Overlord  
  22  2:54  Overlord x2  
  22  3:01  Queen  
  24  3:16  Drone  
  24  3:17  Drone x3  
  28  3:23  Spore Crawler  
  27  3:31  Drone x2  
  29  3:40  Drone  
  30  3:41  Drone  
  30  3:45  Drone  
  32  4:01  Roach Warren  
  31  4:19  Zergling x14  
  31  4:20  Zergling x2  
  31  4:23  Overlord  
  36  4:51  Overlord x2  
  36  4:55  Lair  
  36  4:58  Drone x2  
  36  4:59  Drone x2  
  40  5:13  Evolution Chamber  
  39  5:25  Roach x2  
  39  5:26  Roach x5  
  53  5:42  Zerg Missile Weapons Level 1  
  45  5:55  Roach x2  
  45  5:56  Roach x7  
  63  6:08  Roach  
  63  6:09  Roach x3  
  63  6:10  Roach  
  73  6:14  Roach  
  75  6:38  Roach x4  
  83  7:28  Overlord x4  
  83  7:29  Overlord  
  83  7:43  Extractor  
  82  7:45  Extractor  
  82  7:47  Glial Reconstitution  
  81  7:58  Drone x6  
  85  8:04  Queen x2  
  89  8:35  Roach x5  
  89  8:36  Roach x2  
  100  8:43  Hatchery  
  99  9:19  Spore Crawler  
  99  9:20  Spore Crawler  
  97  9:32  Overlord  
  97  9:33  Overlord x2  
  97  9:47  Overlord x4  
  97  9:48  Overlord  
  97  10:17  Roach x3  
  97  10:18  Roach x4  
  111  10:26  Spore Crawler  
  111  10:28  Spore Crawler, Drone  
  110  10:48  Roach x2  
  110  10:49  Roach x2  
  38  11:18  Roach x6  
  44  11:43  Roach x3  
  50  11:53  Roach  
  52  11:55  Roach  
  51  12:07  Roach  
  38  12:36  Drone x3  
  38  12:37  Drone x2  
  39  12:59  Drone x5  
  44  13:21  Drone x3  
  44  13:22  Drone  
  48  13:54  Drone x2  
  48  13:55  Drone x4  
  54  14:18  Spire  
  54  14:20  Hatchery  
  52  14:56  Drone  
  52  14:57  Hatchery, Drone x5  
  57  15:04  Queen x2  
  61  16:58  Roach  
  61  16:59  Roach x6  
  61  17:00  Roach x7  
  61  17:01  Roach  
  91  17:13  Roach x4  
  53  17:53  Queen  
  53  17:55  Queen  
  53  17:57  Drone x3  
Tags
 
Add a new tag
Caveats
  • Supply blocks, unpowered buildings, or Contaminate may cause inaccurate times.
  • Supply counts are checked every 10 seconds.